 Dungeon Crawl Stone Soup version bcrawl-1.14 (webtiles) character file.

Game seed: 5550926772184132456

17656 Revguard the Cleaver (level 12, -2/92 HPs)
             Began as a Human Fighter on Sept 15, 2019.
             Was a High Priest of Zin.
             Killed by divine providence
             ... invoked by a meliai
              (8 damage)
             ... on level 12 of the Dungeon.
             The game lasted 00:34:25 (10201 turns).

Revguard the Cleaver (Human Fighter)               Turns: 10201, Time: 00:34:26

Health: -2/92      AC: 22    Str: 33    XL:     12   Next: 85%
Magic:  18/20      EV:  8    Int: 18    God:    Zin [*****.]
Gold:   797        SH: 21    Dex: 27    Spells: 11/11 levels left

rFire    . . .     SeeInvis .   k - +1 war axe (chop)
rCold    . . .     Gourm    +   t - +0 large shield
rNeg     . . .     Faith    .   v - +0 plate armour
rPois    ∞         Spirit   .   D - +1 helmet
rElec    .         Reflect  .   m - +1 cloak {rPois}
rCorr    .         Harm     .   (no gloves)
MR       +++..                  F - +2 pair of boots {Fly}
Stlth    ..........             e - amulet "Orghitai" {Gourm MR+++ Str+4 Dex-2 Stlth+}
HPRegen  0.25/turn              j - +3 ring of dexterity
MPRegen  0.17/turn              w - ring of poison resistance

@: vitalised, flying
A: deterioration 1
a: Recite, Vitalisation, Imprison, Sanctuary, Donate Gold, Renounce Religion,
Stop Flying


You were on level 12 of the Dungeon.
You worshipped Zin.
Zin was extremely pleased with you.
You were very hungry.

You visited 2 branches of the dungeon, and saw 13 of its levels.

You collected 1086 gold pieces.
You spent 181 gold pieces at shops.
You donated 108 gold pieces to Zin.

Inventory:

Hand Weapons
 k - a +1 war axe of chopping (weapon)
Missiles
 z - a throwing net (quivered) {!f}
Armour
 m - a +1 cloak of poison resistance (worn)
 o - a scarf of cloud immunity
 t - a +0 large shield (worn)
 v - a +0 plate armour (worn)
 D - a +1 helmet (worn)
 F - a +2 pair of boots of flying (worn)
 H - the cursed +1 ring mail of the Battered Emperors {-Cast Str+6 Dex+5, unknown}
   (You found it on level 11 of the Dungeon)

   It affects your strength (+6).
   It affects your dexterity (+5).
   It prevents spellcasting.
   It has a curse placed upon it.
Jewellery
 a - an uncursed ring of resist corrosion
 e - the amulet "Orghitai" (around neck) {Gourm MR+++ Str+4 Dex-2 Stlth+}
   (You found it on level 4 of the Dungeon)

   [amulet of the gourmand]

   It allows you to eat raw meat even when not hungry.
   It affects your strength (+4).
   It affects your dexterity (-2).
   It affects your resistance to hostile enchantments.
   It makes you more stealthy.
 j - a +3 ring of dexterity (left hand)
 p - an uncursed ring of insulation
 w - a ring of poison resistance (right hand)
 E - an uncursed ring of protection from fire
Wands
 b - a wand of acid (1)
 q - a wand of flame (8)
Scrolls
 c - 2 scrolls of identify
 d - a scroll of immolation
 h - 2 scrolls of teleportation
 i - 3 scrolls of blinking
 r - 6 scrolls of enchant weapon
 u - a scroll of magic mapping
 x - a scroll of vulnerability
 y - 3 scrolls of remove curse
 C - a scroll of fog
 G - a scroll of amnesia
Potions
 g - a potion of flight
 l - a potion of haste
 s - 2 potions of lignification
 A - 3 potions of curing
Miscellaneous
 B - a phial of floods
Comestibles
 f - 21 rations {!d}


   Skills:
 + Level 7.7 Fighting
 + Level 12.6 Axes
 + Level 9.2 Armour
 + Level 3.0 Dodging
 + Level 9.7 Shields
 * Level 11.0 Invocations
 + Level 1.0 Evocations


You had 11 spell levels left.
You didn't know any spells.
Your spell library contained the following spells:

 Spells                   Type           Power        Failure   Level  Hunger
 Magic Dart               Conj           #...         100%        1    ##.....
 Slow                     Hex            #.......     100%        1    ##.....
 Blink                    Tloc           N/A          100%        2    ###....
 Call Imp                 Summ           #.......     100%        2    ###....
 Confuse                  Hex            #.......     100%        3    ####...
 Conjure Flame            Conj/Fire      #.......     100%        3    ####...
 Dazzling Spray           Conj/Hex       #.....       100%        3    ####...
 Mephitic Cloud           Conj/Pois/Air  #.......     100%        3    ####...
 Petrify                  Tmut/Erth      #.......     100%        4    #####..
 Yara's Violent Unravell  Hex/Tmut       #.........   100%        4    #####..
 Metabolic Englaciation   Hex/Ice        #.........   100%        5    ######.
 Mana Rupture             Conj/Hex       #.........   100%        7    #######


Dungeon Overview and Level Annotations

Branches:
Dungeon (12/12)            Temple (1/1) D:6            Lair (0/6) D:7
    Orc (0/1) D:8
 Vaults: D:11-12     Depths: D:12

Altars:
Ashenzari
Cheibriados
Dithmenos
Elyvilon
Fedhas
Gozag
Hepliaklqana
Kikubaaqudgha
Lugonu
Makhleb
Nemelex Xobeh
Okawaru
Qazlal
Ru
Sif Muna
Trog
Uskayaw
Vehumet
Wu Jian
Xom
Yredelemnul
Zin
The Shining One

Shops:
D:8 [   D:10 =(?=


Innate Abilities, Weirdness & Mutations

Your body sometimes deteriorates upon taking damage.


Message History

The stone arrow hits you!
* * * LOW HITPOINT WARNING * * *
You hit the gargoyle.
The gargoyle is severely damaged.
You slice the two-headed ogre!!
You kill the two-headed ogre!
A centaur comes into view.
You block the gargoyle's attack. The meliai hits you but does no damage.
You block the meliai's attack.
You slash the gargoyle!
You destroy the gargoyle!
Your Invocations skill increases to level 11!
You closely miss the meliai. You block the meliai's attack. x2
You miss the meliai.
The meliai invokes the aid of its god against you.
Something smites you!
* * * LOW HITPOINT WARNING * * *
The meliai invokes the aid of its god against you.
Something smites you!
You die...

#.........#.....#....
#.......#.....#..#<..
#......###...###.#...
#.......#.....#......
#....................
#.......#..aOOOy.##..
#......#..##tQO......
#......####y##.##..
##.####.### #@# ..
#.. #...# #)# #. #.#
#.### #.. #.###.#
###. #.##..# ..
#.##.## .. #.##.# #?.
###.#..### #..
.).......#


You could see a tengu warrior, 4 two-headed ogres, a crocodile, 2 meliai and a
worker ant.

Vanquished Creatures
  An ogre mage (D:12)
  2 hydras
  4 two-headed ogres
  The ghost of lis82 the Eclecticist, a journeyman AvWz of Sif Muna (D:11)
  Erica (D:10)
  A cyclops (D:10)
  A harpy (shapeshifter) (D:11)
  An ugly thing (D:10)
  2 centaur zombies
  A black mamba (shapeshifter) (D:11)
  3 gargoyles
  The ghost of cirnu the Slasher, a novice DsCK of Xom (D:4)
  A komodo dragon (D:7)
  A troll (D:4)
  A hornet (D:10)
  2 hippogriffs
  A meliai zombie (D:12)
  A water elemental (D:11)
  A vampire (D:10)
  A spriggan (shapeshifter) (D:12)
  6 yaks
  A steam dragon (D:8)
  Edmund (D:4)
  Menkaure (D:7)
  4 vampire mosquitoes (D:11)
  A water moccasin (D:7)
  4 soldier ants
  3 orc warriors
  2 black bears
  An eye of draining (D:11)
  A necrophage (D:10)
  7 ogres
  2 phantoms
  8 centaurs
  2 bullfrogs
  A big kobold (D:6)
  Blork the orc (D:6)
  A water moccasin zombie (D:6)
  2 scorpions
  9 killer bees
  6 wights
  An electric eel (D:11)
  6 howler monkeys
  6 crimson imps
  A bullfrog zombie (D:8)
  2 hounds (D:7)
  Crazy Yiuf (D:4)
  An iron imp (D:9)
  3 jellies
  A bullfrog skeleton (D:8)
  4 centaur skeletons
  7 orc wizards
  3 orc priests
  2 iguanas
  9 worker ants
  A killer bee zombie (D:7)
  4 gnolls (D:4)
  8 adders
  A howler monkey skeleton (D:2)
  A shadow imp (D:7)
  3 oozes
  An adder skeleton (D:5)
  A dart slug (D:2)
  4 worms
  6 leopard geckos
  35 orcs
  2 ball pythons
  4 giant cockroaches (D:1)
  3 goblins
  14 hobgoblins
  12 jackals
  11 kobolds
  2 quokkas (D:2)
  5 bats
  2 frilled lizards
  A jackal zombie (D:5)
  7 rats
  A butterfly (D:6)
  3 fungi (D:4)
271 creatures vanquished.

Vanquished Creatures (others)
  A plant (D:7)
  A withered plant (D:12)
2 creatures vanquished.

Grand Total: 273 creatures vanquished

Notes
Turn   | Place    | Note
-------+----------+-------------------------------------------
     0 | D:1      | Revguard the Human Fighter began the quest for the Orb.
     0 | D:1      | Reached XP level 1. HP: 18/18 MP: 1/1
    85 | D:1      | Reached XP level 2. HP: 19/24 MP: 2/2
   367 | D:1      | Reached XP level 3. HP: 18/29 MP: 3/3
   762 | D:2      | Found a corrupted altar of Lugonu.
   762 | D:2      | Found an ancient bone altar of Kikubaaqudgha.
   764 | D:2      | Found a white marble altar of Elyvilon.
   764 | D:2      | Found a sparkling altar of Nemelex Xobeh.
   764 | D:2      | Found a hide-covered altar of Uskayaw.
   786 | D:2      | Became a worshipper of Elyvilon the Healer
   829 | D:2      | Reached XP level 4. HP: 35/35 MP: 4/4
   921 | D:2      | Found a shattered altar of Ashenzari.
   970 | D:2      | Reached skill level 1 in Dodging
   997 | D:2      | Reached skill level 3 in Axes
  1352 | D:3      | Reached * piety under Elyvilon
  1374 | D:3      | Reached skill level 1 in Invocations
  1374 | D:3      | Reached XP level 5. HP: 37/41 MP: 5/5
  1903 | D:4      | Noticed a phantom
  1906 | D:4      | Reached skill level 4 in Axes
  1917 | D:4      | Reached XP level 6. HP: 23/47 MP: 7/7
  1920 | D:4      | Killed a phantom
  2089 | D:4      | Noticed a troll
  2113 | D:4      | Killed a troll
  2113 | D:4      | Reached skill level 5 in Axes
  2113 | D:4      | Reached skill level 5 in Armour
  2113 | D:4      | Reached XP level 7. HP: 22/53 MP: 3/9
  2439 | D:4      | Found a runed door.
  2443 | D:4      | Noticed Crazy Yiuf
  2448 | D:4      | Killed Crazy Yiuf
  2491 | D:4      | Got a clouded golden amulet
  2537 | D:4      | Identified the amulet "Orghitai" {Gourm MR+++ Str+4 Dex-2
                  | Stlth+} (You found it on level 4 of the Dungeon)
  2551 | D:4      | Noticed Edmund
  2573 | D:4      | Reached XP level 8. HP: 19/60 MP: 9/11
  2575 | D:4      | Killed Edmund
  2885 | D:4      | Reached skill level 6 in Axes
  2970 | D:4      | Found a large runed translucent door.
  2970 | D:4      | Found a large runed translucent door.
  2970 | D:4      | Noticed cirnu's ghost (novice DsCK)
  3004 | D:4      | Killed cirnu's ghost
  3004 | D:4      | Reached skill level 5 in Shields
  3004 | D:4      | Reached skill level 5 in Invocations
  3057 | D:5      | Entered Level 5 of the Dungeon
  3069 | D:5      | Reached ** piety under Elyvilon
  3187 | D:5      | Reached skill level 7 in Axes
  3187 | D:5      | Reached XP level 9. HP: 28/65 MP: 8/13
  3433 | D:5      | Found a bloodstained altar of Trog.
  3446 | D:5      | Found a shimmering blue altar of Sif Muna.
  3826 | D:6      | Found a staircase to the Ecumenical Temple.
  3853 | D:6      | Found a shattered altar of Ashenzari.
  3884 | Temple   | Entered the Ecumenical Temple
  3923 | Temple   | Fell from the grace of Elyvilon
  3923 | Temple   | Became a worshipper of Zin the Law-Giver
  3923 | Temple   | Reached * piety under Zin
  3923 | Temple   | Reached ** piety under Zin
  4050 | D:6      | Reached *** piety under Zin
  4077 | D:6      | Noticed Blork the orc
  4085 | D:6      | Killed Blork the orc
  4597 | D:6      | Gained mutation: Your body sometimes deteriorates upon
                  | taking damage. [potion of mutation]
  4681 | D:7      | Noticed Menkaure
  4685 | D:7      | Reached skill level 8 in Axes
  4686 | D:7      | Killed Menkaure
  4994 | D:7      | Noticed a hippogriff
  4998 | D:7      | Found a staircase to the Lair.
  4998 | D:7      | Noticed a komodo dragon
  5030 | D:7      | Killed a komodo dragon
  5030 | D:7      | Reached skill level 5 in Fighting
  5030 | D:7      | Reached skill level 9 in Axes
  5030 | D:7      | Reached XP level 10. HP: 62/74 MP: 15/15
  5100 | D:7      | Found a shadowy altar of Dithmenos.
  5562 | D:7      | Reached **** piety under Zin
  5652 | D:8      | Found an iron altar of Okawaru.
  5682 | D:8      | Reached skill level 10 in Axes
  5707 | D:8      | Noticed a gargoyle
  5723 | D:8      | Killed a gargoyle
  6023 | D:8      | Found a staircase to the Orcish Mines.
  6026 | D:8      | Found Coonis's Armour Shoppe.
  6038 | D:8      | Reached ***** piety under Zin
  6069 | D:8      | Bought a +1 pair of boots of flying for 181 gold pieces
  6423 | D:8      | Reached XP level 11. HP: 81/81 MP: 17/17
  6730 | D:9      | Found a blossoming altar of Fedhas.
  7142 | D:9      | Reached skill level 11 in Axes
  7246 | D:9      | Found a snail-covered altar of Cheibriados.
  7527 | D:10     | Entered Level 10 of the Dungeon
  7585 | D:10     | Found Gamank's Jewellery Shop.
  7625 | D:10     | Noticed Erica
  7649 | D:10     | Killed Erica
  7825 | D:10     | Found Seneviag's Jewellery Shoppe.
  7826 | D:10     | Found Jetosidd's Magic Scroll Boutique.
  7851 | D:10     | Noticed a green ugly thing
  7863 | D:10     | Killed a green ugly thing
  7984 | D:10     | Found Mobilos's Antique Weapon Emporium.
  8053 | D:10     | Noticed a cyclops
  8077 | D:10     | Killed a cyclops
  8595 | D:10     | Reached ****** piety under Zin
  8775 | D:11     | Reached XP level 12. HP: 71/91 MP: 19/19
  8803 | D:11     | Noticed a two-headed ogre
  8813 | D:11     | Killed a two-headed ogre
  8813 | D:11     | Reached skill level 10 in Invocations
  8822 | D:11     | Reached skill level 12 in Axes
  9137 | D:11     | Found a large runed translucent door.
  9137 | D:11     | Found a large runed translucent door.
  9143 | D:11     | Noticed lis82's ghost (journeyman AvWz)
  9352 | D:11     | Got a faintly humming ring mail
  9418 | D:11     | Noticed a five-headed hydra
  9426 | D:11     | Killed a six-headed hydra
  9630 | D:11     | Killed lis82's ghost
  9797 | D:12     | Entered Level 12 of the Dungeon
  9805 | D:12     | Noticed a six-headed hydra
  9820 | D:12     | Killed a nine-headed hydra
 10173 | D:12     | Noticed a two-headed ogre
 10175 | D:12     | Noticed an ogre mage
 10177 | D:12     | Noticed a two-headed ogre
 10184 | D:12     | Noticed a two-headed ogre
 10185 | D:12     | Noticed a two-headed ogre
 10187 | D:12     | Noticed a two-headed ogre
 10187 | D:12     | Noticed a two-headed ogre
 10190 | D:12     | Noticed a tengu warrior
 10192 | D:12     | Killed an ogre mage
 10192 | D:12     | Noticed a two-headed ogre
 10192 | D:12     | Killed a two-headed ogre
 10195 | D:12     | Killed a two-headed ogre
 10195 | D:12     | Reached skill level 1 in Evocations
 10199 | D:12     | Killed a two-headed ogre
 10201 | D:12     | Killed from afar by a meliai

Skill      XL: |  1  2  3  4  5  6  7  8  9 10 11 12 |
---------------+-------------------------------------+-----
Armour         | 4 5 6 7 8 9 |  9.2
Dodging        | 1 2 3 |  3.0
Axes           | 3 4 5 7 9 10 11 12 | 12.6
Invocations    | 1 3 4 5 7 8 9 11 | 11.0
Shields        | 4 5 6 7 8 9 |  9.7
Fighting       | 4 5 7 |  7.7
Evocations     | 1 |  1.0

Action                   |  1- 3 |  4- 6 |  7- 9 | 10-12 || total
-------------------------+-------+-------+-------+-------++-------
Melee: War axe           |    98 |   155 |   282 |   486 ||  1021
Invok: Lesser Healing    |       |     2 |     3 |       ||     5
       Recite            |       |       |     4 |    17 ||    21
       Vitalisation      |       |       |     1 |    11 ||    12
 Abil: Stop Flying       |       |       |       |     1 ||     1
       Evoke Flight      |       |       |       |     1 ||     1
Evoke: Wand              |       |       |       |     8 ||     8
  Use: Scroll            |       |     9 |     3 |     7 ||    19
       Potion            |       |     5 |     7 |     4 ||    16
 Stab: Invisible         |       |     3 |       |       ||     3
       Confused          |       |       |       |    13 ||    13
  Eat: Chunk             |       |     4 |    24 |     8 ||    36
Armor: Scale mail        |    71 |   102 |    43 |       ||   216
       Plate armour      |       |       |    74 |   238 ||   312
Dodge: Dodged            |    47 |    71 |    61 |    97 ||   276
Block: Shield            |    82 |    94 |   160 |   133 ||   469
       Large shield      |       |       |       |   238 ||   238
